 Dungeon Crawl Stone Soup version 0.21-a0-529-g8c7b3f5 (webtiles) character file.

9 Amnesiac the Grave Robber (level 2, 0/16 HPs)
             Began as a Deep Elf Necromancer on Dec 10, 2017.
             Slain by an ooze (1 damage)
             ... on level 1 of the Dungeon.
             The game lasted 00:00:08 (187 turns).

Amnesiac the Grave Robber (Deep Elf Necromancer)     Turns: 187, Time: 00:00:09

Health: 0/16       AC:  2    Str:  5    XL:     2   Next: 3%
Magic:  5/8        EV: 13    Int: 19    God:
Gold:   20         SH:  0    Dex: 15    Spells: 6/7 levels left

rFire    . . .     SeeInvis .   (no weapon)
rCold    . . .     Gourm    .   (no shield)
rNeg     . . .     Faith    .   a - +0 robe
rPois    .         Spirit   .   (no helmet)
rElec    .         Reflect  .   (no cloak)
rCorr    .         Harm     .   (no gloves)
MR       .....                  (no boots)
Stlth    ++........             (no amulet)
HPRegen  0.05/turn              (no ring)
MPRegen  0.11/turn              (no ring)

@: no status effects
A: no striking features
a: no special abilities


You were on level 1 of the Dungeon.
You were not hungry.

You visited 1 branch of the dungeon, and saw 1 of its levels.

You collected 20 gold pieces.

Inventory:

Armour
 a - a +0 robe (worn)
Scrolls
 d - 4 scrolls of identify {!r, unknown}
 e - a scroll of random uselessness {!r, unknown}
 f - a scroll of blinking {!r, unknown}
Potions
 g - a potion of haste {!q, unknown}
Books
 b - a book of Necromancy

   Spells                             Type                      Level
   a - Pain                           Necromancy                   1
   b - Animate Skeleton               Necromancy                   1
   c - Vampiric Draining              Necromancy                   3
   d - Regeneration                   Charms/Necromancy            3
   e - Animate Dead                   Necromancy                   4
   f - Control Undead                 Necromancy                   4
Comestibles
 c - a bread ration


   Skills:
 + Level 1.3 Fighting
 - Level 2.4 Dodging
 - Level 2.4 Stealth
 - Level 3.0 Spellcasting
 - Level 4.8 Necromancy


You had 6 spell levels left.
You knew the following spells:

 Your Spells              Type           Power        Failure   Level  Hunger
a - Pain                  Necr           ###.         1%          1    None


Dungeon Overview and Level Annotations

Branches:
Dungeon (1/15)

Altars:


Message History

You are too injured to fight recklessly!
Casting: Pain
Confirm with . or Enter, or press ? or * to list all spells.
You can't see any susceptible monsters within range! (Use Z to cast anyway.)
d - 3 scrolls labeled VASUMA ERPHAHAICLO {!r} (gained 1)
A hobgoblin comes into view. It is wielding a club.
Found a stone staircase leading down.
Casting: Pain
Confirm with . or Enter, or press ? or * to list all spells.
Aiming: Pain
Press: ? - help, Shift-Dir - straight line, f - hobgoblin
Aim: a hobgoblin, wielding a club (resting, chance to defeat MR: 91%)
The hobgoblin shouts!
The hobgoblin writhes in agony!
The hobgoblin moves out of view.
The hobgoblin is too close now for your liking.
You are too injured to fight recklessly!
Casting: Pain
Confirm with . or Enter, or press ? or * to list all spells.
Aiming: Pain
Press: ? - help, Shift-Dir - straight line, f/p - hobgoblin
Aim: a hobgoblin, wielding a club (severely wounded, chance to defeat MR: 91%)
The hobgoblin writhes in agony!
You kill the hobgoblin!
You have reached level 2!
You now have 20 gold pieces (gained 10).
d - 4 scrolls labeled VASUMA ERPHAHAICLO {!r} (gained 1)
Things that are here:
a club; a hobgoblin corpse You are too injured to fight recklessly!
Casting: Pain
Confirm with . or Enter, or press ? or * to list all spells.
You can't see any susceptible monsters within range! (Use Z to cast anyway.)
g - a murky white potion {!q} No target in view!
Casting: Pain
Confirm with . or Enter, or press ? or * to list all spells.
You can't see any susceptible monsters within range! (Use Z to cast anyway.)
An ooze comes into view.
Casting: Pain
Confirm with . or Enter, or press ? or * to list all spells.
Aiming: Pain
Press: ? - help, Shift-Dir - straight line, f - ooze
Aim: an ooze (chance to defeat MR: 80%)
The ooze writhes in agony!
An ooze is nearby!
You hit the ooze but do no damage.
The ooze is lightly wounded.
The ooze hits you.
* * * LOW HITPOINT WARNING * * *
Casting: Pain
Confirm with . or Enter, or press ? or * to list all spells.
Aiming: Pain
Press: ? - help, Shift-Dir - straight line, f/p - ooze
Aim: an ooze (lightly wounded, chance to defeat MR: 80%)
The ooze writhes in agony!
The ooze barely misses you.
An ooze is nearby!
You are too injured to fight recklessly!
Casting: Pain
Confirm with . or Enter, or press ? or * to list all spells.
Aiming: Pain
Press: ? - help, Shift-Dir - straight line, f/p - ooze
Aim: an ooze (severely wounded, chance to defeat MR: 80%)
The ooze writhes in agony!
The ooze hits you.
You die...

..##.# .....# ...###
...# ##.# #.# #.# #.#
########## #.#
#.@J...... #.#
#.#######. #.# #......#
#.# #######..###.## #.#
#.............#
#.############..######
#......................
##############.#######.
###


You could see an ooze.

Vanquished Creatures
  A goblin (D:1)
  3 hobgoblins (D:1)
  A bat (D:1)
  A frilled lizard (D:1)
  2 kobolds (D:1)
8 creatures vanquished.

Notes
Turn   | Place    | Note
-------+----------+-------------------------------------------
     0 | D:1      | Amnesiac the Deep Elf Necromancer began the quest for the Orb.
     0 | D:1      | Reached XP level 1. HP: 10/10 MP: 6/6
   109 | D:1      | Reached skill level 1 in Fighting
   130 | D:1      | Reached XP level 2. HP: 4/16 MP: 2/8
   187 | D:1      | Slain by an ooze

Vault maps used:
D:1:      saegor_arrival_under_anarchy, minmay_crystal_room

Skill      XL: |  1 |
---------------+----+-----
Fighting       | 1 |  1.3
Dodging        | |  2.4
Stealth        | |  2.4
Spellcasting   | |  3.0
Necromancy     | |  4.8

Action                   || total
-------------------------++-------
Melee: Unarmed           ||     1
 Cast: Pain              ||    16
Dodge: Dodged            ||     3

Table legend:
 A = Spawn XP
 B = Non-spawn XP
 C = Spawn XP percentage of total XP
 D = Spawn monster count
 E = Non-spawn monster count
 F = Spawn count percentage of total count
 G = Total turns spent on level
                    A         B        C        D         E        F      G
               +---------+---------+-------+---------+---------+-------+---------
         Total |       0 |      13 |   0.0 |       0 |       8 |   0.0 |   187
               +---------+---------+-------+---------+---------+-------+---------
           D:1 |       0 |      13 |   0.0 |       0 |       8 |   0.0 |   187
               +---------+---------+-------+---------+---------+-------+---------
